 Dungeon Crawl Stone Soup version 0.21.1-1-g345015fe64 (webtiles) character file.

2105 Tovis the Firebug (level 8, -9/58 HPs)
             Began as a Demigod Fire Elementalist on June 16, 2018.
             Shot with an arrow by a centaur (14 damage)
             ... on level 7 of the Dungeon on June 20, 2018.
             The game lasted 01:02:18 (9922 turns).

Tovis the Firebug (Demigod Fire Elementalist)       Turns: 9922, Time: 01:02:18

Health: -9/58      AC:  4    Str: 14    XL:     8   Next: 80%
Magic:  16/19      EV: 13    Int: 23    God:
Gold:   237        SH:  0    Dex: 16    Spells: 2/17 levels left

rFire    + . .     SeeInvis .   s - staff of poison
rCold    + . .     Gourm    .   (no shield)
rNeg     . . .     Faith    .   p - +2 robe {Archmagi}
rPois    +         Spirit   .   (no helmet)
rElec    .         Reflect  .   C - scarf {rC+ rF+}
rCorr    .         Harm     .   (no gloves)
MR       .....                  (no boots)
Stlth    ++........             (no amulet)
HPRegen  0.19/turn              m - +3 ring of strength
MPRegen  0.16/turn              h - ring of flight

@: no status effects
A: high mp 1
a: Evoke Flight


You were on level 7 of the Dungeon.
You were not hungry.

You visited 2 branches of the dungeon, and saw 8 of its levels.

You collected 349 gold pieces.
You spent 112 gold pieces at shops.

Inventory:

Missiles
 d - 180 stones (quivered)
 j - 100 arrows
 o - a large rock
Armour
 p - a +2 robe of the Archmagi (worn)
 C - a scarf of resistance (worn)
 G - a +2 robe of positive energy
Magical Staves
 s - an uncursed staff of poison (weapon)
Jewellery
 h - a ring of flight (right hand)
 m - a +3 ring of strength (left hand)
Wands
 f - a wand of disintegration (8)
 n - a wand of enslavement (32)
 q - a wand of random effects (34)
 t - a wand of paralysis (5)
 F - a wand of polymorph (11)
Scrolls
 k - 6 scrolls of identify
 l - 5 scrolls of amnesia
 u - 5 scrolls of remove curse
 y - 2 scrolls of fear {unknown}
 A - 3 scrolls of blinking
 E - 2 scrolls of teleportation
Potions
 a - a potion of ambrosia {unknown}
 e - 2 potions of resistance {unknown}
 g - 4 potions of brilliance {unknown}
 i - a potion of invisibility {unknown}
 r - 2 potions of lignification {unknown}
 v - 5 potions of curing {unknown}
 w - 2 potions of might {unknown}
 x - a potion of agility {unknown}
 z - a potion of berserk rage {unknown}
 B - 2 potions of heal wounds {unknown}
Books
 b - a book of Flames

   Spells                             Type                      Level
   a - Flame Tongue                   Conjuration/Fire             1
   b - Throw Flame                    Conjuration/Fire             2
   c - Conjure Flame                  Conjuration/Fire             3
   d - Inner Flame                    Hexes/Fire                   3
   e - Sticky Flame                   Conjuration/Fire             4
   f - Fireball                       Conjuration/Fire             5
Comestibles
 c - 5 rations


   Skills:
 + Level 0.8 Fighting
 + Level 0.7 Staves
 + Level 0.2 Throwing
 + Level 2.1 Armour
 + Level 2.7 Dodging
 + Level 2.6 Stealth
 + Level 0.2 Unarmed Combat
 + Level 5.1 Spellcasting
 + Level 4.5 Conjurations
 + Level 6.2 Fire Magic
 * Level 4.2 Evocations


You had 2 spell levels left.
You knew the following spells:

 Your Spells              Type           Power        Failure   Level  Hunger
a - Flame Tongue          Conj/Fire      #####        1%          1    None
b - Throw Flame           Conj/Fire      #####.       1%          2    None
c - Sticky Flame          Conj/Fire      #####...     10%         4    ####...
d - Fireball              Conj/Fire      #####.....   28%         5    #####..
e - Conjure Flame         Conj/Fire      #####...     3%          3    ##.....


Dungeon Overview and Level Annotations

Branches:
Dungeon (7/15)             Temple (1/1) D:7

Shops:
D:4 *


Innate Abilities, Weirdness & Mutations

You have an increased reservoir of magic. (+10% MP)


Message History

You see here an arrow.
The centaur shoots an arrow.
The arrow misses you.
You see here an arrow.
Found a stone staircase leading down.
Your magical contamination has completely faded away.
The centaur shoots an arrow.
The arrow hits you.
The centaur shoots an arrow.
The arrow hits you!
You see here an arrow.
The centaur shoots an arrow.
The arrow misses you.
The centaur shoots an arrow.
The arrow hits you!
* * * LOW HITPOINT WARNING * * *
You see here an arrow.
The centaur shoots an arrow.
The arrow closely misses you.
There is a staircase to the Ecumenical Temple here.
You see here an arrow.
You can't go up here!
The centaur shoots an arrow.
The arrow hits you.
* * * LOW HITPOINT WARNING * * *
The centaur shoots an arrow.
The arrow hits you!
You die...

.## #[ ..## #(# ..# #. #..#
#.# ..###. #..# #(# ## ...##.
##..#####.# ... o#.##.##
#......##.###..# .#.....#
###......#.....#
.###)..#######....(........##
o#####...............c...###
.......######...@.(......#
.#####.#### #..(....##>..#
....o.....# ##.....###...#
..#######.######..## #...#
..# #..[<....## #...# ###
########## #...# #####


You could see a centaur.

Vanquished Creatures
  A hippogriff (D:6)
  Sigmund (D:6)
  A hungry ghost (D:7)
  Menkaure (D:5)
  A water moccasin (D:5)
  An orc warrior (D:7)
  2 sky beasts
  3 ogres
  The ghost of P0WERM0DE the Grave Robber, an amateur OpNe (D:5)
  A bullfrog (D:7)
  3 howler monkeys (D:7)
  2 quasits
  A hound (D:4)
  An orc priest (D:7)
  5 orc wizards
  Jessica (D:2)
  2 iguanas
  A worker ant (D:5)
  A worker ant zombie (D:6)
  Robin (D:2)
  3 gnolls (D:4)
  8 adders
  A howler monkey skeleton (D:6)
  A shadow imp (D:5)
  2 oozes
  An adder zombie (D:6)
  2 worms
  3 dart slugs (D:1)
  A leopard gecko (D:7)
  8 orcs
  A ball python (D:5)
  6 bats
  6 giant cockroaches
  16 goblins
  8 hobgoblins
  17 jackals
  5 kobolds
  3 quokkas
  5 frilled lizards
  A leopard gecko zombie (D:5)
  A quokka zombie (D:4)
  12 rats
142 creatures vanquished.

Notes
Turn   | Place    | Note
-------+----------+-------------------------------------------
     0 | D:1      | Tovis the Demigod Fire Elementalist began the quest for the Orb.
     0 | D:1      | Reached XP level 1. HP: 14/14 MP: 5/5
    58 | D:1      | Reached skill level 3 in Fire Magic
   215 | D:1      | Reached XP level 2. HP: 20/20 MP: 5/7
   732 | D:1      | Reached skill level 1 in Conjurations
  1076 | D:1      | Reached XP level 3. HP: 9/26 MP: 0/8
  1369 | D:1      | Learned a level 2 spell: Throw Flame
  1735 | D:2      | Noticed Robin
  1864 | D:2      | Killed Robin
  2194 | D:2      | Reached XP level 4. HP: 33/33 MP: 0/10
  2494 | D:2      | Found a shattered altar of Ashenzari.
  2495 | D:2      | Noticed Jessica
  2513 | D:2      | Killed Jessica
  2513 | D:2      | Reached skill level 4 in Fire Magic
  2587 | D:2      | Learned a level 4 spell: Sticky Flame
  4018 | D:4      | Reached XP level 5. HP: 38/38 MP: 0/11
  4132 | D:4      | Found Axuas's Assorted Antiques.
  4142 | D:4      | Bought a worn glass wand for 112 gold pieces
  4336 | D:4      | Reached skill level 1 in Evocations
  4937 | D:4      | Found an iron altar of Okawaru.
  5101 | D:4      | Noticed an ogre
  5112 | D:4      | Killed an ogre
  5112 | D:4      | Reached XP level 6. HP: 45/45 MP: 4/13
  5256 | D:5      | Entered Level 5 of the Dungeon
  5264 | D:5      | Noticed P0WERM0DE's ghost (amateur OpNe)
  5374 | D:5      | Killed P0WERM0DE's ghost
  5374 | D:5      | Reached skill level 1 in Armour
  5881 | D:5      | Noticed a water moccasin
  5884 | D:5      | Killed a water moccasin
  5884 | D:5      | Reached XP level 7. HP: 50/50 MP: 8/15
  5891 | D:5      | Learned a level 5 spell: Fireball
  6013 | D:5      | Noticed Menkaure
  6024 | D:5      | Killed Menkaure
  6024 | D:5      | Reached skill level 5 in Fire Magic
  6721 | D:6      | Found a shadowy altar of Dithmenos.
  7418 | D:6      | Noticed Sigmund
  7446 | D:6      | Killed Sigmund
  7446 | D:6      | Reached XP level 8. HP: 57/58 MP: 4/17
  7598 | D:6      | Noticed a hippogriff
  7605 | D:6      | Killed a hippogriff
  8725 | D:7      | Learned a level 3 spell: Conjure Flame
  8749 | D:7      | Found a deep blue altar of Sif Muna.
  9132 | D:7      | Reached skill level 6 in Fire Magic
  9198 | D:7      | Reached skill level 5 in Spellcasting
  9279 | D:7      | Found a staircase to the Ecumenical Temple.
  9295 | Temple   | Entered the Ecumenical Temple
  9922 | D:7      | Shot with an arrow by a centaur

Skill      XL: |  1  2  3  4  5  6  7  8 |
---------------+-------------------------+-----
Fire Magic     | 3 4 5 6 |  6.2
Conjurations   | 1 2 3 4 |  4.5
Spellcasting   | 2 3 4 5 |  5.1
Dodging        | 2 |  2.7
Stealth        | 2 |  2.6
Evocations     | 1 2 3 4 |  4.2
Armour         | 1 2 |  2.1
Fighting       | |  0.8
Staves         | |  0.7
Throwing       | |  0.2
Unarmed Combat | |  0.2

Action                   |  1- 3 |  4- 6 |  7- 9 || total
-------------------------+-------+-------+-------++-------
Melee: Unarmed           |    22 |       |       ||    22
       Staff             |       |    17 |    33 ||    50
Throw: Stone             |    10 |     5 |     1 ||    16
 Cast: Flame Tongue      |    58 |    54 |    76 ||   188
       Throw Flame       |    15 |    73 |    97 ||   185
       Conjure Flame     |       |       |     6 ||     6
       Fireball          |       |       |     2 ||     2
Evoke: Wand              |       |     2 |     3 ||     5
  Use: Scroll            |       |     8 |       ||     8
  Eat: Chunk             |     2 |    11 |     7 ||    20
       Ration            |     1 |     1 |     2 ||     4
Armor: Robe              |    10 |     5 |    14 ||    29
       Quicksilver drago |       |    15 |    35 ||    50
Dodge: Dodged            |    65 |    44 |    86 ||   195
